 Dungeon Crawl Stone Soup version 0.28-a0-851-g8b9cc49659 (webtiles) character file.

Game seed: 1220385477203369031

44 pokeman the Magician (level 3, 0/20 HPs)
             Began as a Deep Elf Hedge Wizard on Nov 15, 2021.
             Slain by a gnoll (7 damage)
             ... on level 2 of the Dungeon.
             The game lasted 00:03:28 (2074 turns).

pokeman the Magician (Deep Elf Hedge Wizard)        Turns: 2074, Time: 00:03:29

Health: 0/20       AC:  9    Str:  7    XL:     3   Next: 41%
Magic:  0/11       EV: 12    Int: 19    God:
Gold:   102        SH:  0    Dex: 14    Spells: 1/12 levels left

rFire   . . .      SeeInvis .   f - +0 dagger (protect)
rCold   . . .      Faith    .   (no shield)
rNeg    . . .      Spirit   .   b - +0 robe
rPois   .          Reflect  .   c - +0 hat
rElec   .          Harm     .   (no cloak)
rCorr   .          Rampage  .   (no gloves)
Will    .....                   (no boots)
Stlth   ++........              (no amulet)
HPRegen 0.06/turn               (no ring)
MPRegen 0.12/turn               (no ring)

@: under a protective aura, very slightly contaminated
A: no striking features
a: no special abilities


You were on level 2 of the Dungeon.
You visited 1 branch of the dungeon, and saw 2 of its levels.

You collected 102 gold pieces.

Inventory:

Hand Weapons
 f - a +0 dagger of protection (weapon)
Armour
 b - a +0 robe (worn)
 c - a +0 hat (worn)
Scrolls
 d - a scroll of noise {unknown}
Potions
 a - a potion of heal wounds {unknown}
 e - a potion of flight {unknown}


   Skills:
 + Level 0.9 Fighting
 + Level 0.9 Armour
 - Level 2.4 Dodging
 - Level 2.4 Stealth
 * Level 5.2 Spellcasting
 + Level 1.8 Conjurations
 - Level 1.1 Summonings
 - Level 1.1 Translocations


You had one spell level left.
You knew the following spells:

 Your Spells              Type           Power      Damage    Failure   Level
a - Magic Dart            Conj           48%        1d5       6%          1
b - Mephitic Cloud        Conj/Pois/Air  7%         N/A       28%         3
c - Call Imp              Summ           9%         N/A       12%         2
d - Blink                 Tloc           18%        N/A       12%         2
e - Conjure Flame         Conj/Fire      8%         6-21      26%         3

Your spell library contained the following spells:

 Spells                   Type           Power      Damage    Failure   Level
 Slow                     Hex            20%        N/A       12%         1
 Iskenderun's Battlesphe  Conj           12%        2d7       85%         5
 Iron Shot                Conj/Erth      4%         9d2       100%        6
 Spellforged Servitor     Conj/Summ      5%         N/A       100%        7


Dungeon Overview and Level Annotations

Branches:
Dungeon (2/15)

Altars:


Message History

Ouch! That really hurt!
The adder bites your white imp.
Your white imp hits the adder.
Your white imp freezes the adder.
The adder bites your white imp but does no damage.
Casting: Conjure Flame (extremely dangerous; 26% risk of failure)
Confirm with . or Enter, or press ? or * to list all spells.
The spell is extremely dangerous to cast (26% risk of failure)!
Continue anyway?
The fire begins to smoulder!
The adder closely misses your white imp.
Your white imp hits the adder.
The adder dies!
Your white imp barely misses the gnoll.
The fire ignites!
Unknown command.
The gnoll misses your white imp.
Your white imp hits the gnoll but does no damage.
The gnoll hits your white imp with a +1 flail of holy wrath.
Your white imp dies!
Your white imp disappears in a puff of smoke!
Casting: Conjure Flame (extremely dangerous; 26% risk of failure)
Confirm with . or Enter, or press ? or * to list all spells.
You don't have enough magic to cast this spell.
There are monsters nearby!
Unknown command.
Casting: Conjure Flame (extremely dangerous; 26% risk of failure)
Confirm with . or Enter, or press ? or * to list all spells.
The spell is potentially lethal to cast (28% risk of failure)!
Continue anyway?
Aiming: Mephitic Cloud (potentially lethal; 28% risk of failure)
Press: ? - help, Shift-Dir - straight line, f/p - gnoll
Aim: a gnoll, wielding a +0 halberd (chance to affect: 91%)
The ball explodes into a vile cloud!
The stinking cloud engulfs the gnoll but does no damage. x2
You hear a shout! x2
The gnoll is engulfed in noxious fumes. x2; The gnoll appears confused.
Unknown command.
You hit the gnoll but do no damage.
Your weapon exudes an aura of protection.
The gnoll is lightly wounded.
The gnoll is engulfed in blazing flames.
The gnoll hits you with a +1 flail of holy wrath!
You die...

######## #.@....#
#g####.# #..# #g# #.#
### .###..# #○# #.# #<#
#.......####r# #.###.##
#..h..g..r.gh# #......#
#....#..###..###########
#....#....#............#
#....##......########.##


You could see 3 gnolls, a quokka and a jackal.

Vanquished Creatures
  A bat (D:1)
  4 endoplasms (D:1)
  8 giant cockroaches
  2 kobolds (D:1)
  A quokka (D:1)
  4 ball pythons (D:1)
  3 frilled lizards (D:1)
  4 goblins (D:1)
  2 rats (D:1)
29 creatures vanquished.

Vanquished Creatures (collateral kills)
  An adder (D:2)
  A jackal (D:2)
2 creatures vanquished.

Grand Total: 31 creatures vanquished

Notes
Turn   | Place    | Note
-------+----------+-------------------------------------------
     0 | D:1      | pokeman the Deep Elf Hedge Wizard began the quest for the
                  | Orb.
     0 | D:1      | Reached XP level 1. HP: 10/10 MP: 7/7
   611 | D:1      | Reached XP level 2. HP: 8/16 MP: 1/9
  1516 | D:1      | Reached skill level 5 in Spellcasting
  1665 | D:1      | Reached XP level 3. HP: 20/20 MP: 8/11
  1669 | D:1      | Learned a level 3 spell: Mephitic Cloud
  1672 | D:1      | Learned a level 2 spell: Call Imp
  1675 | D:1      | Learned a level 2 spell: Blink
  1679 | D:1      | Learned a level 3 spell: Conjure Flame
  2074 | D:2      | Slain by a gnoll

Illustrated notes

Levels and vault maps discovered:
D:1:      minmay_arrival_arboretum_small, layout_basic, minmay_worlds_worst_comb
D:2:      layout_basic, shapermc_ecumenical_altar_gd

Skill      XL: |  1  2 |
---------------+-------+-----
Spellcasting   | 5 |  5.2
Fighting       | |  0.9
Armour         | |  0.9
Dodging        | |  2.4
Stealth        | |  2.4
Conjurations   | |  1.8
Summonings     | |  1.1
Translocations | |  1.1

Action                   || total
-------------------------++-------
Melee: Dagger            ||    11
 Cast: Magic Dart        ||    78
       Conjure Flame     ||     1
       Mephitic Cloud    ||     1
       Call Imp          ||     1
 Stab: Sleeping          ||     2
Armor: Robe              ||     6
Dodge: Dodged            ||    23

Table legend: (Time is in decaauts)
 A = Elapsed time spent in this place.
 B = Non-inter-level travel time spent in this place.
 C = Inter-level travel time spent in this place.
 D = Time resting spent in this place.
 E = Time spent auto-exploring this place.
 F = Levels seen in this place.
 G = Mean time per level.
                   A        B        C        D        E       F      G
               +--------+--------+--------+--------+--------+-----+--------+
         Total |   2073 |   2018 |     55 |      0 |   1824 |   2 | 1036.5 |
       Dungeon |   2073 |   2018 |     55 |      0 |   1824 |   2 | 1036.5 |
               +--------+--------+--------+--------+--------+-----+--------+

Top non-repeatable levels by time:
     D:1: 1960 daAuts
     D:2: 112 daAuts
